 Dungeon Crawl Stone Soup version 0.30-a0-722-g3e6e8c874d (webtiles) character file.

Game seed: 8345887172910074259

78743 demibob the Fencer (level 15, -1/108 HPs)
             Began as a Demonspawn Gladiator on Jan 27, 2023.
             Was the Champion of Kikubaaqudgha.
             Slain by a sphinx (18 damage)
             ... on level 13 of the Dungeon.
             The game lasted 00:53:45 (21799 turns).

demibob the Fencer (Demonspawn Gladiator)          Turns: 21799, Time: 00:53:46

Health: -1/108     AC: 15    Str: 21    XL:     15   Next: 19%
Magic:  19/19      EV: 22    Int: 16    God:    Kikubaaqudgha [******]
Gold:   1604       SH:  0    Dex: 21    Spells: 7/19 levels left

rFire   . . .      SeeInvis +    a - +7 triple sword "Jatsi" {pain, Int+5 Stlth+}
rCold   . . .      Faith    .    (shield currently unavailable)
rNeg    + . .      Spirit   .    l - +3 leather armour of the Saviour {rN+ Str+3 Dex-2}
rPois   .          Reflect  .    D - +2 helmet
rElec   .          Harm     .    (cloak unavailable)
rCorr   .          Rampage  .    t - +0 pair of gloves
Will    +....                    F - +0 pair of boots
Stlth   ++++++                   J - amulet of the acrobat
HPRegen 0.38/turn                T - +4 ring of protection
MPRegen 0.16/turn                v - ring of see invisible

@: agile, about to teleport, studying Ranged Weapons
A: thin skeletal structure 3, demonic guardian 2, powered by pain 1,
augmentation 1, weakness stinger 3
a: Renounce Religion, Unearth Wretches, Torment, Brand Weapon With Pain, Receive
Forbidden Knowledge


You were on level 13 of the Dungeon.
You worshipped Kikubaaqudgha.
Kikubaaqudgha was exalted by your worship.
You visited 4 branches of the dungeon, and saw 21 of its levels.

You collected 1604 gold pieces.


Innate Abilities, Weirdness & Mutations

You have an unnaturally thin skeletal structure. (Dex +6, Stealth+++)
A demonic guardian rushes to your aid.
You sometimes gain a little power by taking damage.
Your magical and physical power is slightly enhanced at high health.
You have a sharp stinger which inflicts weakening toxins.


   Skills:
 + Level 7.2 Fighting
 + Level 20.6 Long Blades
 - Level 1.7 Throwing
 - Level 3.2 Armour
 - Level 8.1 Dodging
 - Level 2.9 Spellcasting
 - Level 8.8 Necromancy
 - Level 5.4 Evocations


You had 7 spell levels left.
You knew the following spells:

 Your Spells              Type           Power      Damage    Failure   Level
a - Agony                 Necr           30%        N/A       16%         5
d - Animate Dead          Necr           30%        N/A       6%          4
v - Vampiric Draining     Necr           30%        2d8       1%          3

Your spell library contained the following spells:

 Spells                   Type           Power      Damage    Failure   Level
 Necrotise                Necr           100%       1d9       1%          1
 Kiss of Death            Conj/Necr      64%        2d10      3%          1
 Dispel Undead            Necr           30%        3d14      6%          4
 Cigotuvi's Dreadful Rot  Necr/Pois/Air  22%        N/A       10%         2
 Foxfire                  Conj/Fire      8%         2x1d4     22%         1
 Freeze                   Ice            8%         1d3       22%         1
 Ensorcelled Hibernation  Hex/Ice        4%         N/A       32%         2
 Passwall                 Tmut/Erth      1%         N/A       32%         2
 Scorch                   Fire           4%         2d5       32%         2
 Frozen Ramparts          Ice            4%         1d1       54%         3
 Hailstorm                Conj/Ice       2%         3d3       54%         3
 Swiftness                Air            2%         N/A       54%         3
 Borgnjor's Vile Clutch   Necr/Erth      8%         N/A       69%         5
 Flame Wave               Conj/Fire      2%         2d4       91%         4
 Summon Ice Beast         Ice/Summ       2%         N/A       91%         4
 Fireball                 Conj/Fire      1%         3d3       99%         5
 Summon Mana Viper        Hex/Summ       2%         N/A       99%         5
 Simulacrum               Ice/Necr       8%         N/A       99%         6
 Starburst                Conj/Fire      1%         6d3       100%        6
 Summon Cactus Giant      Summ           1%         N/A       100%        6
 Haunt                    Necr/Summ      8%         N/A       100%        7
 Monstrous Menagerie      Summ           1%         N/A       100%        7
 Infestation              Necr           15%        N/A       100%        8

Inventory:

Hand Weapons
 a - the +7 triple sword "Jatsi" (weapon) {pain, Int+5 Stlth+}
   (You acquired it on level 8 of the Dungeon)

   Int:       It affects your intelligence (+5).
   Stlth:     It makes you more stealthy.
 b - a +0 scimitar of flaming
Missiles
 d - 3 throwing nets {=f}
 e - 5 javelins
 z - 5 silver javelins
 G - 6 curare-tipped darts (quivered) {=f}
Armour
 l - the +3 leather armour of the Saviour (worn) {rN+ Str+3 Dex-2}
   (You found it on level 2 of the Dungeon)

   Str:       It affects your strength (+3).
   Dex:       It affects your dexterity (-2).
   rN:        It protects you from negative energy.
 m - the +2 hat of the Bear Spirit {Spirit, Bear, *Rage Will++}
   (You found it on level 5 of the Lair of Beasts)

   Bear:      Going berserk makes the wearer tougher, and they're slowed less
   afterward.
   *Rage:     It berserks you when you make melee attacks (+20% chance).
   Will:      It greatly increases your willpower.
 t - a +0 pair of gloves (worn)
 D - a +2 helmet (worn)
 F - a +0 pair of boots (worn)
Jewellery
 c - a ring of ice
 f - an amulet of regeneration
 g - an amulet of magic regeneration
 v - a ring of see invisible (right hand)
 w - an amulet of reflection
 C - a ring of protection from cold
 J - an amulet of the acrobat (around neck)
 N - a ring of positive energy
 S - a +6 ring of strength
 T - a +4 ring of protection (left hand)
 Z - a ring of wizardry
Wands
 B - a wand of mindburst (9)
 I - a wand of iceblast (5)
 Q - a wand of polymorph (4)
 U - a wand of paralysis (12)
Scrolls
 h - 8 scrolls of magic mapping
 i - 2 scrolls of amnesia
 n - 6 scrolls of teleportation {@r2}
 q - a scroll of immolation
 s - 6 scrolls of identify {@r1}
 u - a scroll of fog
 y - a scroll of silence {!r}
 E - a scroll of acquirement
 K - 2 scrolls of poison
 M - 2 scrolls of vulnerability
 O - a scroll of enchant weapon
Potions
 j - a potion of ambrosia
 k - 2 potions of flight
 o - 4 potions of mutation
 p - 2 potions of magic
 r - 3 potions of lignification
 x - a potion of cancellation
 A - a potion of curing {@q1}
 H - 3 potions of attraction
 L - a potion of might
 P - a potion of heal wounds {@q2}
 R - 2 potions of brilliance

Dungeon Overview and Level Annotations

Branches:
Dungeon (13/15)            Temple (1/1) D:7            Lair (5/5) D:9
  Swamp (0/4) Lair:2       Spider (0/4) Lair:3        Slime (0/5) Lair:5
    Orc (2/2) D:9             Elf (0/3) Orc:2
 Vaults: D:13-14

Altars:
Ashenzari
Cheibriados
Dithmenos
Fedhas
Gozag
Hepliaklqana
Kikubaaqudgha
Makhleb
Nemelex Xobeh
Okawaru
Qazlal
Ru
Sif Muna
Trog
Uskayaw
Wu Jian
Xom
Yredelemnul
Lugonu

Shops:
D:3 :   D:13 *   Orc:2 =[((

Portals:
Abyss: Lair:5

Annotations:
D:5 1 runed translucent door, Crazy Yiuf
D:10 2 runed translucent doors, testman's ghost, journeyman DsNe
D:13 3 runed translucent doors, Daste's ghost, journeyman OpIE
Lair:1 exclusion: oklob plant
Lair:3 exclusion: oklob plant, Josephine

▒......... ▒▒
.▒▒...#..... .▒
..▒...##..... .▒▒
.▒▒....#..... ▒▒$$▒
.▒▒....##.....
▒....▒▒▒D▒......#...##
#..#.▒.▒▒...##.#...#
##Q.=▒▒.###.).#...#
#DT@4▒▒.###...#...#
#..TH▒.▒▒...##.#...#
▒....▒▒▒.▒......#...#
▒▒!?▒▒▒..▒▒....##...#
▒.▒▒.▒.#..▒▒....#...#
H.▒ ▒...#..▒...##...#
.▒▒ ▒▒▒..#.▒▒...#...#
▒▒..▒†▒..##...#
▒▒▒..▒...#...#


You could see a storm dragon, a sphinx, a tengu reaver, a six-headed hydra, a
manticore, 2 deep troll earth magi and a friendly ice devil (summoned).


Message History

The deep troll earth mage closely misses you.
The sphinx misses you. The sphinx closely misses you. The sphinx hits you.
* * * LOW HITPOINT WARNING * * *
You hear a roar!
You hear a faint skittering sound.
You feel better.
A storm dragon comes into view.
The tengu reaver barely misses you.
The tengu reaver pecks you but does no damage.
The tengu reaver claws you.
The deep troll earth mage bites you but does no damage.
The deep troll earth mage claws you but does no damage. x2
A manticore comes into view.
The sphinx mumbles some strange words.
Something smites you!
* * * LOW HITPOINT WARNING * * *
You closely miss the tengu reaver.
The tengu reaver is heavily wounded.
The tengu reaver points at you and mumbles some strange words.
The bolt of fire hits you!!!
* * * LOW HITPOINT WARNING * * *
You focus on the pain.
You feel agile all of a sudden.
The deep troll earth mage completely misses you.
The deep troll earth mage misses you.
The deep troll earth mage completely misses you.
The deep troll earth mage misses you. x2
The deep troll earth mage completely misses you.
The sphinx hits you!!
You die...
Kikubaaqudgha rasps: "You have failed me!
Welcome... death!"

Skill      XL: |  1  2  3  4  5  6  7  8  9 10 11 12 13 14 15 |
---------------+----------------------------------------------+-----
Long Blades    | 3 4 5 6 7 9 11 13 14 15 17 19 20 | 20.6
Evocations     | 5 |  5.4
Necromancy     | 7 8 |  8.8
Armour         | 3 |  3.2
Dodging        | 6 8 |  8.1
Spellcasting   | 2 |  2.9
Fighting       | 6 7 |  7.2
Throwing       | |  1.7

Action                     |  1- 3 |  4- 6 |  7- 9 | 10-12 | 13-15 || total
---------------------------+-------+-------+-------+-------+-------++-------
  Melee: Long sword        |    99 |   140 |   195 |    43 |       ||   477
         Tailslap          |     4 |    20 |    33 |    66 |   113 ||   236
         Punch             |       |       |     1 |       |       ||     1
         Triple sword      |       |       |       |   370 |   678 ||  1048
         Scimitar          |       |       |       |       |    31 ||    31
  Throw: Dart              |       |       |       |     4 |     1 ||     5
  Evoke: Wand              |       |       |     4 |    16 |     6 ||    26
    Use: Potion            |     5 |     1 |     6 |     8 |     9 ||    29
         Scroll            |       |    12 |     4 |     7 |    12 ||    35
   Stab: Invisible         |     2 |       |     4 |     4 |       ||    10
         Sleeping          |       |     9 |    12 |    20 |    27 ||    68
         Distracted        |       |       |     1 |     3 |     5 ||     9
 Armour: Leather armour    |    28 |    75 |    48 |   136 |   210 ||   497
  Dodge: Dodged            |    75 |   122 |   105 |   272 |   471 ||  1045
  Block: Other             |       |       |     3 |    75 |       ||    78
         Reflection        |       |       |       |     3 |       ||     3

Levels and vault maps discovered:
D:1:      dpeg_arrival_chambers_temple_mockup, layout_rooms
D:2:      layout_basic, basic_altar, uniq_jessica
D:3:      layout_rooms, nicolae_shop_vocational
D:4:      layout_basic, grunt_ministairs_6, minmay_crossroads
D:5:      layout_basic, evilmike_ruin_ashenzari, mainiacjoe_overflow_24_doors,
          hangedman_abyss_or_decor_passed, uniq_blork_the_orc,
          uniq_crazy_yiuf_cottage
D:6:      layout_rooms, mainiacjoe_overflow_catwalk
D:7:      layout_loops_cross, okawaru_trees_2, minmay_temple_entry_slanted,
          serial_glass, glass_columns_a, glass_columns_b,
          minmay_manual_monstrance, uniq_maggie, uniq_pikel
D:8:      layout_loops_cross, mainiacjoe_overflow_surrounded_room
D:9:      layout_long_grid, lemuel_crystal_altar, minmay_lair_entry_grove,
          orc_0_dummy, hex_tiny, minivault_25, lemuel_flame_loot_1
D:10:     minmay_razor_zed, layout_irregular_city, trog_hazing_becter,
          zin_statuary, nicolae_overflow_crystal_walls,
          ebering_ghost_disaster_area
D:11:     nzn_winding_woodlands_stair_cross [nzn_winding_woodlands_5x15_pockets,
          nzn_winding_woodlands_center_diamonds,
          nzn_winding_woodlands_5x15_longhouse,
          nzn_winding_woodlands_5x5_closed_star,
          nzn_winding_woodlands_5x5_cross, nzn_winding_woodlands_5x15_parted,
          nzn_winding_woodlands_center_garden,
          nzn_winding_woodlands_5x15_zeroes], layout_cave_pods
D:12:     layout_irregular_city
D:13:     minmay_bad_star, layout_long_grid, ximxim_vaults_locker_room,
          enter_trove_6, ebering_ghost_gozag, dk_noncrumbling_4, minivault_8
Temple:   compressed_dpeg_triangle_lava_temple
Lair:1:   layout_long_grid, minmay_lair_oklob_bushes,
          nicolae_lair_grazing_beasts [nicolae_sub_lair_graze_edge,
          nicolae_sub_lair_graze_edge, nicolae_sub_lair_graze_edge,
          nicolae_sub_lair_graze_edge]
Lair:2:   layout_long_grid, palyth_hydra_swamp_entry
Lair:3:   minmay_lair_oklob_tunnel, layout_long_grid,
          nicolae_spider_entry_lesser_pyramids, grunt_forest_stairs_basic,
          uniq_josephine
Lair:4:   layout_gridlike, uniq_sonja
Lair:5:   hellmonk_lair_end_abyssal_woods, layout_big_grid, slime_entry_1,
          basic_altar
Orc:1:    layout_caves
Orc:2:    st_orc_pillars, layout_caves, uniq_erolcha

Notes
Turn   | Place    | Note
-------+----------+-------------------------------------------
     0 | D:1      | demibob the Demonspawn Gladiator began the quest for the
                  | Orb.
     0 | D:1      | Reached XP level 1. HP: 16/16 MP: 1/1
   155 | D:1      | Reached skill level 3 in Long Blades
   280 | D:1      | Gained mutation: You have a small tail. [demonic ancestry]
   280 | D:1      | Reached XP level 2. HP: 22/22 MP: 2/2
   616 | D:2      | Found a hazy altar of Hepliaklqana.
   647 | D:2      | Reached skill level 4 in Long Blades
   647 | D:2      | Gained mutation: You have a tail ending in a sharp stinger.
                  | [demonic ancestry]
   647 | D:2      | Reached XP level 3. HP: 18/27 MP: 3/3
   913 | D:2      | Noticed Jessica
   940 | D:2      | Killed Jessica
   941 | D:2      | Gained mutation: You have a somewhat thin skeletal
                  | structure. (Dex +2, Stealth+) [demonic ancestry]
   941 | D:2      | Reached XP level 4. HP: 32/33 MP: 4/4
  1165 | D:2      | Identified the +3 leather armour of the Saviour {rN+ Str+3
                  | Dex-2}
  1457 | D:3      | Found Debienesch's Vocational Training.
  1913 | D:4      | Reached skill level 5 in Long Blades
  1913 | D:4      | Gained mutation: You have a moderately thin skeletal
                  | structure. (Dex +4, Stealth++) [demonic ancestry]
  1913 | D:4      | Reached XP level 5. HP: 24/38 MP: 5/5
  2626 | D:5      | Entered Level 5 of the Dungeon
  2657 | D:5      | Reached skill level 6 in Long Blades
  2657 | D:5      | Reached XP level 6. HP: 41/44 MP: 6/6
  2754 | D:5      | Found a broken altar of Ashenzari.
  2763 | D:5      | Reached skill level 7 in Long Blades
  2778 | D:5      | Gained mutation: You sometimes gain a little power by
                  | taking damage. [demonic ancestry]
  2778 | D:5      | Reached XP level 7. HP: 47/50 MP: 7/7
  3074 | D:5      | Reached skill level 8 in Long Blades
  3298 | D:5      | Noticed Blork the orc
  3307 | D:5      | Killed Blork the orc
  3363 | D:5      | Found a hazy altar of Hepliaklqana.
  3437 | D:5      | Found a runed translucent door.
  3438 | D:5      | Noticed Crazy Yiuf
  3785 | D:6      | Reached skill level 9 in Long Blades
  3785 | D:6      | Gained mutation: A weak demonic guardian rushes to your
                  | aid. [demonic ancestry]
  3785 | D:6      | Reached XP level 8. HP: 56/56 MP: 8/8
  3943 | D:6      | Found a stormy altar of Qazlal.
  3945 | D:6      | Reached skill level 10 in Long Blades
  4172 | D:7      | Noticed a purple ugly thing
  4193 | D:7      | Killed a purple ugly thing
  4197 | D:7      | Reached skill level 11 in Long Blades
  4223 | D:7      | Found an iron altar of Okawaru.
  4243 | D:7      | Gained mutation: A demonic guardian rushes to your aid.
                  | [demonic ancestry]
  4243 | D:7      | Reached XP level 9. HP: 47/61 MP: 9/9
  4268 | D:7      | Noticed Pikel
  4291 | D:7      | Killed Pikel
  4430 | D:7      | Noticed Maggie
  4447 | D:7      | Noticed a cyclops
  4466 | D:7      | Killed a cyclops
  4467 | D:7      | Reached skill level 12 in Long Blades
  4508 | D:7      | Killed Maggie
  4575 | D:7      | Found a staircase to the Ecumenical Temple.
  4589 | Temple   | Entered the Ecumenical Temple
  4632 | Temple   | Became a worshipper of Kikubaaqudgha
  4679 | D:7      | Reached skill level 13 in Long Blades
  5172 | D:8      | Found a blossoming altar of Fedhas.
  5209 | D:8      | Gained mutation: You have an unnaturally thin skeletal
                  | structure. (Dex +6, Stealth+++) [demonic ancestry]
  5209 | D:8      | Reached XP level 10. HP: 59/67 MP: 10/10
  5263 | D:8      | Reached * piety under Kikubaaqudgha
  5263 | D:8      | Received a gift from Kikubaaqudgha
  5460 | D:8      | Identified a scroll of acquirement
  5460 | D:8      | Acquired the +7 triple sword "Jatsi" {pain, Int+5 Stlth+}
  5605 | D:8      | Noticed a two-headed ogre
  5640 | D:8      | Killed a two-headed ogre
  5641 | D:8      | Reached skill level 14 in Long Blades
  5641 | D:8      | Reached skill level 2 in Evocations
  5884 | D:9      | Found a staircase to the Lair.
  5915 | D:9      | Noticed a boulder beetle
  5920 | D:9      | Killed a boulder beetle
  5921 | D:9      | Reached skill level 3 in Evocations
  6038 | D:9      | Reached skill level 4 in Evocations
  6259 | D:9      | Reached skill level 5 in Evocations
  6475 | D:9      | Gained mutation: Your magical and physical power is
                  | slightly enhanced at high health. [demonic ancestry]
  6475 | D:9      | Reached XP level 11. HP: 72/72 MP: 11/11
  6483 | D:9      | Reached skill level 1 in Necromancy
  6587 | D:9      | Reached skill level 2 in Necromancy
  6676 | D:9      | Found a staircase to the Orcish Mines.
  6943 | D:9      | Found a shadowy altar of Dithmenos.
  7098 | Lair:1   | Entered Level 1 of the Lair of Beasts
  7314 | D:10     | Entered Level 10 of the Dungeon
  7441 | D:10     | Reached skill level 3 in Necromancy
  7467 | D:10     | Reached skill level 15 in Long Blades
  7582 | D:10     | Found a bloodstained altar of Trog.
  7645 | D:10     | Found a large runed translucent door.
  7646 | D:10     | Found a large runed translucent door.
  7647 | D:10     | Noticed testman's ghost (journeyman DsNe)
  7664 | D:10     | Reached ** piety under Kikubaaqudgha
  7668 | D:10     | Reached skill level 4 in Necromancy
  7987 | D:10     | Found a hide-covered altar of Uskayaw.
  7991 | D:10     | Noticed a two-headed ogre
  7998 | D:10     | Killed a two-headed ogre
  7999 | D:10     | Reached skill level 5 in Necromancy
  8371 | D:10     | Learned a level 3 spell: Vampiric Draining
  8450 | D:11     | Reached skill level 6 in Necromancy
  8452 | D:11     | Noticed a two-headed ogre
  8465 | D:11     | Killed a two-headed ogre
  8574 | D:11     | Reached skill level 7 in Necromancy
  8594 | D:11     | Noticed a sixfirhy
  8613 | D:11     | Noticed a soul eater
  8734 | D:11     | Noticed a deep elf pyromancer
  8794 | D:9      | Reached XP level 12. HP: 72/78 MP: 12/12
  8799 | D:9      | Reached skill level 16 in Long Blades
  8830 | Lair:1   | Reached skill level 8 in Necromancy
  8881 | D:9      | Reached *** piety under Kikubaaqudgha
  8881 | D:9      | Received a gift from Kikubaaqudgha
  9344 | Lair:1   | Reached skill level 1 in Armour
  9352 | Lair:1   | Reached skill level 2 in Armour
  9537 | Lair:1   | Reached skill level 3 in Armour
 10139 | Lair:2   | Noticed a five-headed hydra
 10311 | Lair:2   | Killed a nine-headed hydra
 10312 | Lair:2   | Reached skill level 17 in Long Blades
 10498 | Lair:2   | Noticed a seven-headed hydra
 10504 | Lair:2   | Killed a nine-headed hydra
 10615 | Lair:2   | Found a staircase to the Swamp.
 10788 | Lair:2   | Noticed a seven-headed hydra
 10809 | Lair:2   | Learned a level 5 spell: Agony
 10810 | Lair:3   | Noticed a six-headed hydra
 11334 | D:11     | Reached **** piety under Kikubaaqudgha
 11431 | D:11     | Noticed a two-headed ogre
 11441 | D:11     | Reached XP level 13. HP: 49/83 MP: 13/13
 11729 | D:11     | Reached skill level 18 in Long Blades
 11775 | D:11     | Noticed an ettin
 11795 | D:11     | Killed an ettin
 12487 | D:11     | Identified the +1 ring mail of the Spider Nest {Int+6}
 12495 | D:11     | Reached skill level 3 in Dodging
 13154 | Lair:3   | Reached skill level 4 in Dodging
 13165 | Lair:3   | Reached ***** piety under Kikubaaqudgha
 13341 | Lair:3   | Found a hole to the Spider Nest.
 13398 | Lair:3   | Reached skill level 5 in Dodging
 13412 | Lair:3   | Reached skill level 19 in Long Blades
 13767 | Lair:3   | Noticed Josephine
 14973 | Lair:4   | Reached skill level 1 in Spellcasting
 15007 | Lair:4   | Reached skill level 6 in Dodging
 15016 | Lair:4   | Reached skill level 2 in Spellcasting
 15281 | Lair:4   | Gained mutation: You have a sharp stinger which inflicts
                  | weakening toxins. [demonic ancestry]
 15281 | Lair:4   | Reached XP level 14. HP: 90/90 MP: 17/17
 15676 | Lair:4   | Noticed Sonja
 15688 | Lair:4   | Sonja changed into Sonja the golden eye
 15688 | Lair:4   | Noticed Sonja
 15695 | Lair:4   | Killed Sonja the golden eye
 15814 | Lair:5   | Entered Level 5 of the Lair of Beasts
 15814 | Lair:5   | Found a staircase to the Slime Pits.
 15904 | Lair:5   | Found a broken altar of Ashenzari.
 16616 | Lair:5   | Reached skill level 7 in Dodging
 16961 | Orc:1    | Entered Level 1 of the Orcish Mines
 17226 | Orc:2    | Entered Level 2 of the Orcish Mines
 17972 | Orc:2    | Reached skill level 8 in Dodging
 17982 | Orc:2    | Noticed Erolcha
 18133 | Orc:2    | Killed Erolcha
 18184 | Orc:2    | Reached ****** piety under Kikubaaqudgha
 18350 | Orc:2    | Found a staircase to the Elven Halls.
 18659 | Orc:2    | Reached skill level 3 in Fighting
 18749 | Orc:2    | Reached skill level 20 in Long Blades
 18759 | Orc:2    | Reached skill level 4 in Fighting
 19088 | Orc:2    | Found Zosi's Weapon Shoppe.
 19089 | Orc:2    | Found Faenuose's Jewellery Shoppe.
 19089 | Orc:2    | Found Ytzic's Antique Armour Emporium.
 19090 | Orc:2    | Found Beta's Weapon Shoppe.
 19385 | Lair:5   | Reached skill level 5 in Fighting
 19793 | Lair:5   | Learned a level 4 spell: Animate Dead
 20340 | Lair:5   | Reached skill level 6 in Fighting
 20349 | Lair:5   | Reached XP level 15. HP: 22/105 MP: 19/19
 20648 | Lair:5   | Found a corrupted altar of Lugonu.
 20649 | Lair:5   | Found a one-way gate to the infinite horrors of the Abyss.
 20676 | Lair:5   | Found the +2 hat of the Bear Spirit {Spirit, Bear, *Rage
                  | Will++}
 21376 | D:12     | Reached skill level 7 in Fighting
 21729 | D:13     | Found a runed translucent gate.
 21730 | D:13     | Found a runed translucent gate.
 21730 | D:13     | Found a runed translucent gate.
 21733 | D:13     | Found an opulent altar of Gozag.
 21733 | D:13     | Found Larghum's Assorted Antiques.
 21735 | D:13     | Noticed Daste's ghost (journeyman OpIE)
 21789 | D:13     | Noticed a tengu reaver
 21791 | D:13     | Noticed a sphinx
 21798 | D:13     | Noticed a storm dragon
 21799 | D:13     | Slain by a sphinx

Vanquished Creatures
  An ettin (D:11)
  7 hydras
  Erolcha (Orc:2)
  6 boulder beetles
  A centaur warrior (D:13)
  4 two-headed ogres
  4 death yaks (Lair:4)
  3 thrashing horrors (Lair:5)
  4 orc high priests (Orc:2)
  A fire crab (Lair:5)
  A goliath frog (shapeshifter) (Lair:5)
  A pharaoh ant (Lair:3)
  Pikel (D:7)
  A deep elf archer (D:11)
  8 orc knights
  A deep elf pyromancer (D:11)
  5 ugly things
  A manticore (D:13)
  An orc sorcerer (Orc:1)
  4 cyclopes
  6 elephants (Lair:1)
  15 cane toads
  5 black mambas
  4 gargoyles
  An efreet (D:11)
  Maggie (D:7)
  A smoke demon (Lair:5)
  4 unseen horrors
  A rime drake (shapeshifter) (Lair:5)
  11 komodo dragons
  10 kobold demonologists
  3 ancient zymes (Lair:5)
  A polar bear (Lair:4)
  5 trolls
  A raiju (shapeshifter) (Lair:5)
  26 blink frogs
  A jumping spider (Lair:3)
  A spriggan (Lair:5)
  A slime creature (D:11)
  5 wraiths
  A vampire (D:11)
  5 shadows
  2 ynoxinuls (Lair:5)
  10 wyverns
  37 yaks
  6 basilisks
  A golden eye (Lair:4)
  3 wargs
  A vampire mosquito (D:11)
  A large abomination (Lair:5)
  5 acid dragons
  13 water moccasins
  33 orc warriors
  4 black bears
  An ice beast (D:7)
  2 ogres
  11 small abominations (Lair:5)
  8 wolves
  8 centaurs
  2 phantoms
  5 kobold brigands
  11 bullfrogs
  Blork the orc (D:5)
  2 necrophages (D:5)
  3 gnoll sergeants
  4 scorpions
  4 wights (D:8)
  7 killer bees
  8 howler monkeys
  2 jellies (D:7)
  23 orc priests
  A gnoll bouda (D:10)
  7 hounds
  Jessica (D:2)
  6 iguanas
  15 orc wizards
  6 hell rats (Lair:5)
  8 gnolls
  5 adders
  A white imp (D:5)
  2 ufetubi
  3 worms
  4 dart slugs
  49 orcs
  5 bats
  5 endoplasms
  3 giant cockroaches
  7 goblins
  9 hobgoblins
  5 quokkas
  9 ball pythons
  3 frilled lizards
  17 kobolds
  5 rats
559 creatures vanquished.

Vanquished Creatures (collateral kills)
  A two-headed ogre (D:11)
  An orc high priest (Orc:2)
  2 orc knights (Orc:2)
  A salamander (shapeshifter) (Lair:5)
  2 komodo dragons (Lair:1)
  A blink frog (Lair:3)
  A jumping spider (Lair:3)
  A yak (Lair:4)
  An orc warrior (Orc:2)
  A sky beast (D:7)
  A kobold brigand (D:11)
  An orc priest (Orc:2)
14 creatures vanquished.

Vanquished Creatures (others)
  A quokka (D:2)
  25 fungi
  71 plants
97 creatures vanquished.

Grand Total: 670 creatures vanquished

Table legend: (Time is in decaauts)
 A = Elapsed time spent in this place.
 B = Non-inter-level travel time spent in this place.
 C = Inter-level travel time spent in this place.
 D = Time resting spent in this place.
 E = Time spent auto-exploring this place.
 F = Levels seen in this place.
 G = Mean time per level.
                   A        B        C        D        E       F      G
               +--------+--------+--------+--------+--------+-----+--------+
         Total |  21704 |  20332 |   1372 |   3729 |  12466 |  21 | 1033.5 |
       Dungeon |  11658 |  10978 |    680 |   1046 |   7744 |  13 |  896.8 |
        Temple |     56 |     43 |     13 |      0 |     33 |   1 |   56.0 |
          Lair |   7833 |   7216 |    617 |   1895 |   3986 |   5 | 1566.6 |
  Orcish Mines |   2155 |   2094 |     61 |    788 |    703 |   2 | 1077.5 |
               +--------+--------+--------+--------+--------+-----+--------+

Top non-repeatable levels by time:
  Lair:5: 2480 daAuts
    D:11: 1850 daAuts
     D:9: 1641 daAuts
  Lair:3: 1620 daAuts
    D:10: 1447 daAuts
  Lair:1: 1352 daAuts
   Orc:2: 1277 daAuts
  Lair:2: 1200 daAuts
  Lair:4: 1179 daAuts
     D:5: 1100 daAuts
     D:8: 984 daAuts
   Orc:1: 877 daAuts
     D:2: 812 daAuts
    D:12: 758 daAuts
     D:7: 758 daAuts

Table legend:
 A = Non-vault XP
 B = Vault XP
 C = Vault XP percentage of total XP
 D = Non-vault monster count
 E = Vault monster count
 F = Vault count percentage of total count
                 A         B        C        D         E       F
            +---------+---------+-------+---------+---------+-------
      Total |   62605 |   49886 |  44.3 |     376 |     197 |  34.4
            +---------+---------+-------+---------+---------+-------
        D:1 |      35 |       0 |   0.0 |      18 |       0 |   0.0
        D:2 |      52 |      37 |  41.6 |      19 |       1 |   5.0
        D:3 |      25 |       0 |   0.0 |      10 |       0 |   0.0
        D:4 |      69 |      86 |  55.5 |      13 |       3 |  18.8
        D:5 |     908 |      87 |   8.7 |      23 |       1 |   4.2
        D:6 |     714 |       0 |   0.0 |      11 |       0 |   0.0
        D:7 |    1169 |    1775 |  60.3 |      10 |       8 |  44.4
        D:8 |    2668 |       0 |   0.0 |      24 |       0 |   0.0
        D:9 |    3032 |    1915 |  38.7 |      19 |      12 |  38.7
       D:10 |    2749 |    1846 |  40.2 |      18 |      14 |  43.8
       D:11 |    6395 |   10567 |  62.3 |      26 |      34 |  56.7
       D:12 |    5547 |       0 |   0.0 |      22 |       0 |   0.0
       D:13 |     816 |    1378 |  62.8 |       1 |       2 |  66.7
     Lair:1 |    5103 |    2869 |  36.0 |      20 |       6 |  23.1
     Lair:2 |    4916 |    2557 |  34.2 |      18 |       4 |  18.2
     Lair:3 |    7262 |    1237 |  14.6 |      25 |       3 |  10.7
     Lair:4 |    9161 |     185 |   2.0 |      25 |       1 |   3.8
     Lair:5 |    6239 |   12274 |  66.3 |      23 |      40 |  63.5
      Orc:1 |    1017 |     588 |  36.6 |       3 |       2 |  40.0
      Orc:2 |    4728 |   12485 |  72.5 |      48 |      66 |  57.9
            +---------+---------+-------+---------+---------+-------
